Map: King Sejong Station LE

Players

Gracz

  • Race: Protoss Protoss
  • League: Silver

omTTTom - Winner!

  • Race: Protoss Protoss
  • League: Silver

VOD

Have the link to the VOD?

Description

Time

  • Played on: Oct. 16, 2016, 12:01 p.m.
  • Length: 19:23
Show
View Real Time Build Order
Export as new Build Order

Gracz Protoss 

Build Orders: 1 Gate Expand 

Get SALT Encoding   

  12  0:01  Probe (Chrono Boost)  
  13  0:19  Pylon  
  13  0:24  Probe (Chrono Boost)  
  13  0:28  Assimilator  
  14  0:47  Gateway  
  14  0:51  Gateway  
  14  0:59  Probe (Chrono Boost)  
  15  1:11  Probe (Chrono Boost)  
  16  1:22  Probe (Chrono Boost)  
  17  1:43  Nexus  
  17  1:50  Cybernetics Core  
  17  2:05  Probe (Chrono Boost)  
  18  2:16  Assimilator, Probe (Chrono Boost)  
  19  2:26  Probe (Chrono Boost)  
  20  2:37  Probe (Chrono Boost), Warp Gate  
  20  2:40  Adept  
  22  2:47  Probe (Chrono Boost)  
  23  2:51  Pylon  
  23  2:52  Adept  
  23  2:55  Pylon  
  23  2:58  Probe (Chrono Boost)  
  27  3:06  Probe (Chrono Boost)  
  27  3:08  Probe (Chrono Boost)  
  28  3:18  Adept, Probe (Chrono Boost)  
  28  3:19  Probe (Chrono Boost)  
  30  3:22  Adept  
  34  3:34  Twilight Council  
  34  4:25  Probe (Chrono Boost), Resonating Glaives  
  34  4:26  Probe (Chrono Boost)  
  36  4:35  Probe (Chrono Boost)  
  38  4:38  Probe (Chrono Boost)  
  38  4:42  Gateway  
  38  4:45  Gateway  
  38  4:46  Robotics Facility, Mothership Core (Chrono Boost)  
  38  4:49  Robotics Facility  
  40  4:54  Templar Archives  
  38  5:19  Stalker x2  
  42  5:47  Probe x2 (Chrono Boost)  
  42  5:48  Assimilator  
  42  5:49  Stalker  
  46  5:50  Stalker  
  46  5:52  Assimilator  
  48  5:59  Probe (Chrono Boost)  
  48  6:00  Probe (Chrono Boost)  
  48  6:01  Blink  
  50  6:06  Forge  
  52  6:12  Probe x2 (Chrono Boost), Gateway  
  52  6:13  Gateway  
  52  6:24  Probe (Chrono Boost)  
  53  6:30  Psionic Storm  
  53  6:32  Nexus  
  53  6:34  Pylon  
  53  6:38  Pylon  
  53  6:41  Pylon  
  53  6:43  Protoss Ground Weapons Level 1  
  53  6:47  Immortal  
  53  6:48  Pylon  
  57  6:58  Stalker  
  57  6:59  Stalker  
  61  7:05  Probe x2 (Chrono Boost)  
  63  7:11  Stalker  
  65  7:19  Probe x2 (Chrono Boost)  
  69  7:30  Stalker x2  
  69  7:31  Stalker, Probe x2 (Chrono Boost)  
  75  7:38  Pylon  
  75  7:42  Pylon  
  75  7:53  High Templar x2  
  75  7:54  High Templar  
  81  8:13  Stalker x2  
  81  8:14  Stalker  
  81  8:17  Archon  
  87  8:28  Gateway x2  
  87  8:37  Probe (Chrono Boost)  
  87  8:38  Probe (Chrono Boost)  
  87  8:39  Probe (Chrono Boost)  
  87  8:40  Stalker  
  92  8:42  High Templar  
  92  8:43  High Templar  
  92  8:48  Probe (Chrono Boost)  
  97  8:50  Probe (Chrono Boost)  
  97  8:51  Probe (Chrono Boost)  
  99  8:57  Assimilator  
  99  8:58  Probe (Chrono Boost)  
  99  9:01  High Templar  
  99  9:02  Assimilator, Probe (Chrono Boost)  
  104  9:03  Probe (Chrono Boost)  
  104  9:07  High Templar  
  104  9:09  Probe (Chrono Boost)  
  107  9:12  Archon  
  107  9:15  Probe x2 (Chrono Boost)  
  109  9:19  Probe (Chrono Boost)  
  110  9:24  High Templar  
  110  9:26  Stalker  
  110  9:27  Probe x2 (Chrono Boost)  
  116  9:39  Pylon  
  116  9:44  Pylon  
  116  9:48  Protoss Ground Weapons Level 2  
  116  9:57  Immortal  
  116  9:58  Immortal  
  124  10:03  Stalker  
  126  10:07  Archon  
  126  10:09  High Templar  
  128  10:15  High Templar  
  130  10:24  Stalker  
  132  10:35  Pylon  
  132  10:38  Pylon  
  132  10:39  Pylon  
  132  10:41  Pylon  
  132  10:43  Pylon  
  132  10:44  Pylon  
  132  10:55  Adept x2  
  132  10:56  Adept x3  
  142  10:57  Adept  
  142  10:59  Immortal x2  
  144  11:10  Robotics Bay  
  152  11:22  Stalker  
  152  11:23  Stalker, High Templar  
  152  11:24  High Templar  
  160  11:31  Archon  
  160  11:38  Nexus  
  160  11:41  Pylon  
  160  11:45  Pylon  
  160  12:06  Colossus  
  160  12:10  Observer  
  157  12:37  Stalker  
  157  12:38  Stalker x4  
  157  12:39  High Templar  
  157  12:40  High Templar x2  
  173  12:58  Stargate  
  173  12:59  Stargate  
  173  13:11  Stalker x2  
  177  13:26  Stalker x2  
  181  13:28  High Templar x3  
  187  13:38  Stalker x2  
  187  13:39  Stalker  
  193  13:51  Fleet Beacon  
  197  15:07  High Templar  
  199  15:29  Archon  
  199  15:47  Assimilator  
  199  15:50  Assimilator  
  199  16:16  Warp Prism  
  97  17:57  Stalker x2  
  67  17:58  Stalker x3  
  67  17:59  Stalker x2  
  67  18:00  Stalker  
  79  18:11  Mothership Core (Chrono Boost)  
  89  18:24  Stalker  
  89  18:25  Stalker  
  89  18:26  High Templar x3  
  103  18:27  Stalker  
  103  18:28  High Templar  
  107  18:37  Stalker  
  115  18:43  Archon x2  
  115  18:45  Stalker  
  97  18:56  High Templar x2  
  97  18:57  High Templar  
Show
View Real Time Build Order
Export as new Build Order

omTTTom Protoss - Winner!

Build Orders:  

Get SALT Encoding   

  12  0:09  Probe (Chrono Boost)  
  13  0:22  Pylon  
  13  0:24  Probe (Chrono Boost)  
  14  0:39  Probe (Chrono Boost)  
  15  0:46  Gateway  
  15  0:50  Forge  
  15  0:53  Probe (Chrono Boost)  
  16  0:59  Assimilator  
  16  1:06  Assimilator  
  16  1:12  Probe (Chrono Boost)  
  17  1:21  Pylon  
  17  1:23  Probe (Chrono Boost)  
  18  1:29  Photon Cannon  
  18  1:33  Zealot  
  18  1:38  Probe (Chrono Boost)  
  21  1:49  Probe (Chrono Boost)  
  21  1:54  Photon Cannon  
  22  1:59  Probe (Chrono Boost)  
  23  2:05  Cybernetics Core  
  23  2:10  Probe (Chrono Boost)  
  24  2:18  Photon Cannon  
  24  2:30  Pylon  
  24  2:38  Probe (Chrono Boost)  
  24  2:43  Stargate  
  25  3:06  Nexus  
  25  3:11  Pylon  
  25  3:18  Zealot  
  27  3:25  Pylon  
  27  3:35  Photon Cannon  
  27  3:44  Probe (Chrono Boost)  
  28  3:55  Probe (Chrono Boost)  
  28  3:59  Void Ray  
  32  4:06  Zealot  
  32  4:17  Photon Cannon  
  30  4:22  Pylon  
  30  4:27  Protoss Air Weapons Level 1  
  30  4:35  Probe (Chrono Boost)  
  31  4:43  Photon Cannon  
  31  4:45  Assimilator  
  31  4:52  Probe (Chrono Boost)  
  32  5:02  Probe (Chrono Boost)  
  31  5:18  Void Ray  
  31  5:21  Protoss Shields Level 1  
  35  5:23  Probe (Chrono Boost)  
  35  5:26  Probe (Chrono Boost)  
  37  5:32  Assimilator  
  37  5:33  Probe (Chrono Boost)  
  37  5:35  Pylon  
  38  5:37  Probe (Chrono Boost)  
  39  5:44  Probe (Chrono Boost)  
  39  5:47  Probe (Chrono Boost)  
  41  5:57  Pylon  
  41  6:02  Probe (Chrono Boost)  
  42  6:07  Photon Cannon  
  42  6:09  Photon Cannon  
  42  6:12  Probe (Chrono Boost)  
  42  6:17  Void Ray  
  47  6:19  Photon Cannon  
  47  6:25  Probe (Chrono Boost)  
  48  6:29  Mothership Core (Chrono Boost)  
  48  6:30  Protoss Air Armor Level 1  
  48  6:32  Sentry  
  52  6:35  Probe (Chrono Boost)  
  53  6:48  Fleet Beacon  
  53  6:50  Pylon  
  53  6:58  Photon Cannon  
  53  6:59  Pylon  
  53  7:00  Zealot  
  55  7:07  Void Ray  
  59  7:16  Probe (Chrono Boost)  
  60  7:24  Photon Cannon  
  60  7:26  Photon Cannon  
  60  7:33  Photon Cannon  
  60  7:41  Probe (Chrono Boost)  
  62  7:51  Probe (Chrono Boost)  
  68  8:02  Probe (Chrono Boost)  
  69  8:12  Probe (Chrono Boost)  
  70  8:16  Carrier  
  76  8:32  Protoss Air Weapons Level 2  
  76  8:52  Stargate  
  76  8:55  Zealot  
  78  8:59  Protoss Ground Weapons Level 1  
  78  9:05  Photon Cannon  
  78  9:09  Graviton Catapult  
  78  9:22  Zealot  
  80  9:41  Carrier  
  86  9:49  Zealot  
  86  9:52  Nexus  
  88  9:54  Carrier  
  94  10:00  Pylon  
  94  10:03  Pylon  
  94  10:09  Pylon  
  94  10:12  Assimilator  
  94  10:17  Assimilator  
  94  10:25  Photon Cannon  
  94  10:27  Photon Cannon  
  94  10:30  Photon Cannon  
  94  10:32  Photon Cannon  
  94  10:34  Photon Cannon  
  94  10:38  Pylon  
  94  10:44  Photon Cannon  
  94  10:47  Protoss Air Armor Level 2  
  94  10:50  Photon Cannon  
  94  10:58  Photon Cannon  
  94  11:05  Photon Cannon  
  94  11:09  Photon Cannon  
  94  11:17  Photon Cannon  
  94  11:21  Carrier  
  100  11:30  Carrier  
  106  11:34  Probe (Chrono Boost)  
  107  11:45  Probe (Chrono Boost)  
  108  11:55  Probe (Chrono Boost)  
  108  12:00  Protoss Ground Armor Level 1  
  109  12:12  Robotics Facility  
  109  12:15  Stargate  
  109  12:43  Sentry  
  111  12:54  Carrier  
  117  13:01  Carrier  
  117  13:03  Protoss Air Weapons Level 3  
  123  13:06  Carrier  
  123  13:10  Sentry  
  131  13:15  Observer  
  132  13:30  Probe (Chrono Boost)  
  133  13:36  Zealot  
  133  13:40  Probe (Chrono Boost)  
  136  13:50  Twilight Council  
  136  13:51  Probe (Chrono Boost)  
  136  13:54  Pylon  
  137  14:16  Photon Cannon  
  137  14:28  Carrier  
  143  14:33  Carrier  
  149  14:40  Protoss Shields Level 2  
  149  15:02  Photon Cannon  
  149  15:05  Robotics Bay  
  149  15:22  Photon Cannon  
  149  15:30  Carrier  
  155  15:40  Protoss Air Armor Level 3  
  161  16:03  Photon Cannon  
  161  16:08  Pylon  
  161  16:10  Extended Thermal Lance  
  161  16:39  Photon Cannon  
  161  16:46  Photon Cannon  
  161  16:53  Carrier  
  167  16:55  Protoss Ground Weapons Level 2  
  167  17:20  Nexus  
  167  17:26  Pylon  
  167  17:28  Pylon  
  167  17:30  Pylon  
  167  17:33  Pylon  
  167  17:35  Pylon  
  155  18:10  Photon Cannon  
  155  18:12  Photon Cannon  
  155  18:14  Photon Cannon  
  155  18:17  Photon Cannon  
  155  18:19  Photon Cannon  
  155  18:27  Photon Cannon  
  155  18:29  Photon Cannon  
  155  18:32  Photon Cannon  
  155  18:34  Assimilator  
  155  18:41  Photon Cannon  
Tags
 
Add a new tag
Caveats
  • Supply blocks, unpowered buildings, or Contaminate may cause inaccurate times.
  • Supply counts are checked every 10 seconds.